 Dungeon Sprint DCSS version 0.16.2-12-gd0ad4c3 (webtiles) character file.

177 Horhen the Thaumaturge (level 5, -1/28 HPs)
             Began as a Deep Elf Summoner on Sept 24, 2015.
             Was a Follower of Sif Muna.
             Slain by Sonja
             ... wielding a +0 dagger of distortion
              (7 damage)
             ... in the Dungeon (Sprint I: "Red Sonja").
             The game lasted 00:03:24 (610 turns).

Horhen the Thaumaturge (Deep Elf Summoner)           Turns: 610, Time: 00:03:24

Health: -1/28      AC:  2    Str:  5    XL:     5   Next: 31%
Magic:  15/25      EV: 13    Int: 21    God:    Sif Muna [*.....]
Gold:   327        SH:  0    Dex: 15    Spells: 4 memorised, 16 levels left

rFire  . . .     SeeInvis .     (no weapon)
rCold  . . .     Clarity  .     a - +0 robe
rNeg   . . .     SustAb   .     (no shield)
rPois  .         Gourm    .     (no helmet)
rElec  .         Spirit   .     (no cloak)
rCorr  .         Warding  .     (no gloves)
rMut   .         NoTele   +     (no boots)
MR     .....                    (no amulet)
Stlth  ++........               (no ring)
                                (no ring)

@: slowed, very slow, not resistant to hostile enchantments, unstealthy
A: no striking features
a: Channel Energy, Renounce Religion


You were in the Dungeon.
You worshipped Sif Muna.
Sif Muna was aware of your devotion.
You were not hungry.

You visited 1 branch You collected 327 gold pieces.

Inventory:

Armour
 a - a +0 robe (worn)
Scrolls
 i - a scroll of blinking
Potions
 e - a potion of heal wounds
 f - a potion of haste
 g - 2 potions of magic
 h - a potion of restore abilities {unknown}
 k - a potion of brilliance {unknown}
Books
 b - a book of Callings

   Spells                             Type                      Level
   a - Summon Small Mammal            Summoning                    1
   b - Call Imp                       Summoning                    2
   c - Call Canine Familiar           Summoning                    3
   d - Summon Guardian Golem          Hexes/Summoning              4
   e - Summon Lightning Spire         Summoning/Air                4
   f - Summon Ice Beast               Ice/Summoning                4
Comestibles
 c - a bread ration


   Skills:
 - Level 2.4 Dodging
 - Level 2.4 Stealth
 * Level 11.5 Spellcasting
 + Level 7.8 Summonings
 + Level 2.9 Invocations


You had 16 spell levels left.
You knew the following spells:

 Your Spells              Type           Power        Failure   Level  Hunger
a - Summon Small Mammal   Summ           ####         1%          1    None
b - Call Imp              Summ           #####...     1%          2    None
d - Summon Ice Beast      Ice/Summ       ####....     14%         4    #......
e - Summon Lightning Spi  Summ/Air       ####....     14%         4    #......


Dungeon Overview and Level Annotations

Branches:
Dungeon (1/1)

Altars:
Elyvilon
Gozag
Kikubaaqudgha
Makhleb
Nemelex Xobeh
Okawaru
Qazlal
Ru
Sif Muna
Trog
Vehumet
Xom
Yredelemnul
Zin
The Shining One

Shops:
D %

Annotations:
D Sonja


Message History

Unknown command.
Your ice beast misses Sonja.
Your ice beast closely misses Sonja.
Your ice beast completely misses Sonja.
Unknown command.
What do you say? t - Shout!
Orders for allies: a - Attack new target. p - Attack previous target. r - Retreat! s - Stop attacking. w - Wait here. f - Follow me.
Anything else - Stay silent.
Gang up on whom?
Press: ? - help, Dir - move target cursor, f/p - Sonja
Aim: Sonja, wielding a dagger of distortion (severely wounded) Attack!
Sonja hits you with an uncursed dagger of distortion.
* * * LOW HITPOINT WARNING * * *
Space bends around you.
* * * LOW HITPOINT WARNING * * *
Sonja hits you but does no damage. Space bends around you.
You die...

################
#<.#..)..#..'..#
#..[..#..').#..+
#..#####'#####'#
#..####..#@..#.####
#..#__####KY##)#§§§
#..#_..__##Y#..+≈§§
#⌠⌠#_.∩...'.(._#
####_..._##_.#'#
#_____###'#.#
####### #(### $.$
$.$#


You could see Sonja and 2 friendly ice beasts.

Vanquished Creatures
  Ijyb (D)
1 creature vanquished.

Vanquished Creatures (collateral kills)
  A yak (D)
  An ogre (D)
  Sigmund (D)
  A jelly (D)
4 creatures vanquished.

Vanquished Creatures (others)
  An ice beast (D)
  An iron imp (D)
  A shadow imp (D)
  A white imp (D)
4 creatures vanquished.

Grand Total: 9 creatures vanquished

Notes
Turn   | Place    | Note
--------------------------------------------------------------
     0 | D        | Horhen, the Deep Elf Summoner, began the quest for the Orb.
     0 | D        | Reached XP level 1. HP: 10/10 MP: 5/5
     2 | D        | Noticed Ijyb
    18 | D        | Killed Ijyb
    18 | D        | Reached skill level 6 in Spellcasting
    18 | D        | Reached skill level 5 in Summonings
    18 | D        | Reached XP level 2. HP: 14/15 MP: 6/12
    34 | D        | Learned a level 2 spell: Call Imp
   113 | D        | Noticed an ogre
   121 | D        | Killed an ogre
   121 | D        | Reached skill level 8 in Spellcasting
   121 | D        | Reached XP level 3. HP: 19/19 MP: 8/18
   185 | D        | Noticed Sigmund
   232 | D        | Killed Sigmund
   232 | D        | Reached skill level 10 in Spellcasting
   232 | D        | Reached XP level 4. HP: 24/24 MP: 17/22
   254 | D        | Learned a level 4 spell: Summon Ice Beast
   259 | D        | Learned a level 4 spell: Summon Lightning Spire
   270 | D        | Found a deep blue altar of Sif Muna.
   271 | D        | Noticed a jelly
   272 | D        | Found a radiant altar of Vehumet.
   277 | D        | HP: 1/24 [acid (10)]
   279 | D        | Killed a jelly
   565 | D        | Became a worshipper of Sif Muna the Loreminder
   571 | D        | Found Honotirozo's Food Emporium.
   571 | D        | Found a white marble altar of Elyvilon.
   571 | D        | Found a stormy altar of Qazlal.
   571 | D        | Found a burning altar of Makhleb.
   571 | D        | Found a sacrificial altar of Ru.
   571 | D        | Found a basalt altar of Yredelemnul.
   571 | D        | Found a glowing golden altar of the Shining One.
   571 | D        | Found a sparkling altar of Nemelex Xobeh.
   571 | D        | Found a shimmering altar of Xom.
   571 | D        | Found an opulent altar of Gozag.
   571 | D        | Found an ancient bone altar of Kikubaaqudgha.
   571 | D        | Found a glowing silver altar of Zin.
   571 | D        | Noticed a yak
   578 | D        | Killed a yak
   578 | D        | Acquired Sif Muna's first power
   578 | D        | Reached skill level 11 in Spellcasting
   578 | D        | Reached XP level 5. HP: 28/28 MP: 16/25
   582 | D        | Found an iron altar of Okawaru.
   583 | D        | Found a bloodstained altar of Trog.
   598 | D        | Noticed Sonja
   610 | D        | Slain by Sonja

Action                   |  1- 3 |  4- 6 || total
-------------------------+-------+-------++-------
Melee: Unarmed           |    13 |       ||    13
 Cast: Call Imp          |     7 |       ||     7
       Summon Ice Beast  |       |     6 ||     6
Invok: Channel Energy    |       |     3 ||     3
  Use: Potion            |     1 |     1 ||     2
